 Dungeon Crawl Stone Soup version 0.30.1 (webtiles) character file.

Game seed: 7633286045344115670

424 Graphine the Chopper (level 6, 0/84 HPs)
             Began as a Hill Orc Monk on July 5, 2023.
             Was an Elder of Trog.
             Slain by an ogre
             ... wielding a +0 giant club
              (14 damage)
             ... on level 5 of the Dungeon.
             The game lasted 00:06:34 (3609 turns).

Graphine the Chopper (Hill Orc Monk)                Turns: 3609, Time: 00:06:35

Health: 0/84       AC: 11    Str: 16    XL:     6   Next: 96%
Magic:  6/6        EV:  8    Int: 10    God:    Trog [****..]
Gold:   196        SH:  0    Dex: 13    Spells: 5/5 levels left

rFire   . . .        a - +0 hand axe
rCold   . . .        d - orb {light}
rNeg    . . .        n - +1 chain mail
rPois   +            (no helmet)
rElec   .            (no cloak)
rCorr   .            (no gloves)
SInv    .            y - +0 pair of boots
Will    .....        g - amulet of magic regeneration Stlth
                     i - ring of poison resistance
HPRegen 0.34/turn    (no ring)
MPRegen 0.50/turn

%: no passive effects
@: berserking, glowing, very quick
A: no striking features
a: Renounce Religion, Berserk, Trog's Hand, Brothers in Arms


You were on level 5 of the Dungeon.
You worshipped Trog.
Trog was greatly pleased with you.
You visited 1 branch of the dungeon, and saw 5 of its levels.
You also visited: Sewer.

You collected 196 gold pieces.

Inventory:

Hand Weapons
 a - a +0 hand axe (weapon)
 r - a +1 dagger of holy wrath
Armour
 d - an orb of light (worn)
 n - a +1 chain mail (worn)
 y - a +0 pair of boots (worn)
Jewellery
 g - an amulet of magic regeneration (around neck)
 i - a ring of poison resistance (left hand)
Scrolls
 e - a scroll of identify
 m - a scroll of fog
 s - 2 scrolls of teleportation
Potions
 b - 2 potions of invisibility
 c - a potion of ambrosia
 f - a potion of lignification
 h - a potion of cancellation
 j - a potion of berserk rage
 k - a potion of attraction
 l - a potion of magic {unknown}
 o - a potion of mutation {unknown}
 p - a potion of heal wounds {unknown}
 q - a potion of might {unknown}
 w - a potion of curing {unknown}
Miscellaneous
 t - a phial of floods (inert)


   Skills:
 + Level 5.1 Fighting
 * Level 7.0 Axes
 + Level 3.1 Armour
 - Level 2.4 Dodging
 + Level 3.1 Shields


You had 5 spell levels left.
You didn't know any spells.
Your spell library contained the following spells:

 Spells                   Type           Power      Damage    Failure   Level
 Dazzling Flash           Conj/Hex       0%         N/A       100%        3
 Agony                    Necr           0%         N/A       100%        5
 Silence                  Hex/Air        0%         N/A       100%        5


Dungeon Overview and Level Annotations

Branches:
Dungeon (5/15)              Sewer (visited)
 Temple: D:4-7

Altars:
Gozag
Trog

Annotations:
D:5 Eustachio


Message History

You kill the orc!
Trog accepts your kill.
No target in view!
An ogre comes into view. It is wielding a +0 giant club.
The ogre shouts!
You hit the ogre.
The ogre is lightly wounded.
The ogre completely misses you.
You hit the ogre.
The ogre is moderately wounded.
You barely miss the ogre.
The ogre is moderately wounded.
The ogre barely misses you.
You barely miss the ogre.
The ogre is moderately wounded.
The ogre hits you with a +0 giant club!
You hit the ogre.
The ogre is heavily wounded.
You hit the ogre.
The ogre is heavily wounded.
The ogre barely misses you.
You hit the ogre.
The ogre is heavily wounded.
The ogre hits you with a +0 giant club.
You hit the ogre but do no damage.
The ogre is heavily wounded.
Eustachio the Magnificent comes into view.
He is wielding a +0 falchion.
You hit the ogre.
The ogre is severely wounded.
The ogre barely misses you.
You hit the ogre but do no damage.
The ogre is severely wounded.
The ogre hits you with a +0 giant club!!
* * * LOW HITPOINT WARNING * * *
A red film seems to cover your vision as you go berserk!
You feel yourself moving faster!
You feel mighty!
You slash the ogre!
The ogre is almost dead.
The ogre hits you with a +0 giant club!
You die...

#.### # #.#<#.# #
#.#.#.# #
.#.##...#.#.##.
...............
.#........#.#.#
#.######.)...#
.#............#
.......@..@.....#
......O..........
............#....
#....(....###....
#.........# ...
#.........# ..
...........
..........##


You could see Eustachio and an ogre.

Vanquished Creatures
  A black bear (D:4)
  A bullfrog (Sewer)
  An orc wizard (D:2)
  Terence (D:2)
  4 gnolls (D:4)
  4 adders
  A white imp (D:5)
  6 dart slugs
  5 orcs
  6 bats
  19 endoplasms
  15 giant cockroaches
  7 goblins
  7 hobgoblins
  9 quokkas
  17 ball pythons
  9 frilled lizards
  8 kobolds
  4 rats
125 creatures vanquished.

Notes
Turn   | Place    | Note
-------+----------+-------------------------------------------
     0 | D:1      | Graphine the Hill Orc Monk began the quest for the Orb.
     0 | D:1      | Reached XP level 1. HP: 19/19 MP: 1/1
   169 | D:1      | Reached XP level 2. HP: 23/27 MP: 2/2
   424 | D:1      | Reached skill level 1 in Armour
   453 | D:1      | Reached skill level 1 in Shields
   506 | D:1      | Reached XP level 3. HP: 28/33 MP: 3/3
   756 | D:1      | Found a faded altar of an unknown god.
   761 | D:1      | Prayed at the altar of an unknown god.
   761 | D:1      | Became a worshipper of Trog the Wrathful
   761 | D:1      | Reached * piety under Trog
   761 | D:1      | Reached ** piety under Trog
  1001 | D:2      | Reached skill level 5 in Axes
  1001 | D:2      | Reached XP level 4. HP: 23/40 MP: 4/4
  1161 | D:2      | Reached *** piety under Trog
  1276 | D:2      | Noticed Terence
  1285 | D:2      | Killed Terence
  1685 | D:3      | Reached XP level 5. HP: 47/47 MP: 5/5
  1833 | D:3      | Found a glowing drain.
  1848 | Sewer    | Entered a sewer
  2176 | Sewer    | Reached **** piety under Trog
  2252 | Sewer    | Reached skill level 6 in Axes
  2339 | Sewer    | Reached XP level 6. HP: 34/55 MP: 6/6
  2427 | D:3      | Found an opulent altar of Gozag.
  2530 | D:3      | Found a bloodstained altar of Trog.
  3443 | D:4      | Noticed a black bear
  3451 | D:4      | Killed a black bear
  3452 | D:4      | Reached skill level 5 in Fighting
  3538 | D:5      | Entered Level 5 of the Dungeon
  3579 | D:5      | Reached skill level 7 in Axes
  3605 | D:5      | Noticed Eustachio
  3609 | D:5      | Slain by an ogre

Illustrated notes

Levels and vault maps discovered:
D:1:      noname_arrival_rooms_in_the_neighbourhood, layout_loops_ring,
          shapermc_ecumenical_altar_venn
D:2:      layout_rooms, uniq_terence
D:3:      layout_rooms, nicolae_gozag_seed_capital, lightli_temple_of_fire,
          portal_sewer_entry_f
D:4:      black_bear_nest_1, layout_loops_cross, minmay_misc_feat_doors,
          nicolae_figureground_pulse
D:5:      layout_basic, okawaru_metal_pillars_1_2, temple_fountains,
          uniq_eustachio

Skill      XL: |  1  2  3  4  5  6 |
---------------+-------------------+-----
Armour         | 1 2 3 |  3.1
Shields        | 1 2 3 |  3.1
Fighting       | 4 5 |  5.1
Axes           | 5 6 7 |  7.0
Dodging        | |  2.4

Action                     |  1- 3 |  4- 6 || total
---------------------------+-------+-------++-------
  Melee: Hand axe          |    61 |   321 ||   382
 Invoke: Berserk           |       |     3 ||     3
  Evoke: Phial of floods   |       |     1 ||     1
    Use: Scroll            |     6 |    10 ||    16
 Armour: Robe              |     7 |     1 ||     8
         Chain mail        |       |   166 ||   166
  Dodge: Dodged            |    27 |   129 ||   156
